 Dungeon Crawl Stone Soup version 0.24.0-1-gfbc8707 (webtiles) character file.

Game seed: 5575718614761788116, levelgen mode: deterministic

1407 vhaine the Carver (level 8, -6/69 HPs)
             Began as a Naga Berserker on Oct 29, 2019.
             Was an Elder of Trog.
             Killed by nerve-wracking pain
             ... invoked by Grinder
              (11 damage)
             ... on level 6 of the Dungeon.
             The game lasted 00:13:17 (6142 turns).

vhaine the Carver (Naga Berserker)                  Turns: 6142, Time: 00:13:18

Health: -6/69      AC:  4    Str: 21    XL:     8   Next: 70%
Magic:  8/8        EV:  9    Int:  8    God:    Trog [****..]
Gold:   11         SH:  0    Dex: 11    Spells: 7/7 levels left

rFire    . . .     SeeInvis +   y - +2 long sword (curse)
rCold    + . .     Gourm    .   (no shield)
rNeg     . . .     Faith    .   b - +1 animal skin
rPois    +         Spirit   .   (no helmet)
rElec    .         Reflect  .   (no cloak)
rCorr    .         Harm     .   (no gloves)
MR       +....                  (no barding)
Stlth    +.........             (no amulet)
HPRegen  0.21/turn              o - ring of protection from cold
MPRegen  0.11/turn              (no ring)

@: berserk cooldown, slowed, lightly drained, very slow
A: large, see invisible, deformed body, poison resistance, slowness 2, slow
metabolism 1, spit poison 1, AC +2
a: Spit Poison, Berserk, Trog's Hand, Brothers in Arms, Renounce Religion


You were on level 6 of the Dungeon.
You worshipped Trog.
Trog was greatly pleased with you.
You were very hungry.

You visited 1 branch of the dungeon, and saw 6 of its levels.

You collected 351 gold pieces.
You spent 340 gold pieces at shops.

Inventory:

Hand Weapons
 a - a +0 falchion
 d - a +1 dagger of venom
 y - a cursed +2 long sword (weapon)
Armour
 b - a +1 animal skin (worn)
Jewellery
 o - a ring of protection from cold (left hand)
 v - an uncursed ring of positive energy
 w - an uncursed ring of wizardry {unknown}
 z - an uncursed ring of see invisible {unknown}
Wands
 i - a wand of polymorph (12)
 u - a wand of random effects (15)
Scrolls
 e - 7 scrolls of identify
 f - 2 scrolls of blinking
 g - a scroll of amnesia
 j - 5 scrolls of remove curse
 n - a scroll of enchant armour
 r - 3 scrolls of teleportation
Potions
 h - 2 potions of haste {unknown}
 k - 3 potions of curing
 l - 3 potions of might
 m - a potion of degeneration {unknown}
 p - a potion of agility {unknown}
 s - a potion of cancellation {unknown}
 t - a potion of flight {unknown}
 x - a potion of brilliance
Comestibles
 c - 10 rations
 q - 2 chunks of flesh


   Skills:
 - Level 3.0(2.6) Fighting
 + Level 10.8(10.3) Long Blades
 - Level 1.5(1.2) Armour
 - Level 1.5(1.2) Dodging


You had 7 spell levels left.
You didn't know any spells.
Your spell library was empty.

Dungeon Overview and Level Annotations

Branches:
Dungeon (6/15)
 Temple: D:4-7

Altars:
Ashenzari
Makhleb
Nemelex Xobeh
Sif Muna
Vehumet

Shops:
D:5 ?   D:6 !

Annotations:
D:3 2 runed translucent doors, showme1245's ghost, amateur MiGl
D:4 1 runed translucent door, Wuag's ghost, amateur HOMo
D:6 Grinder


Innate Abilities, Weirdness & Mutations

You cannot wear boots.
Your serpentine skin is tough. (AC +2)
You have supernaturally acute eyesight. (SInv)
Armour fits poorly on your strangely shaped body.
Your system is resistant to poisons. (rPois)
You cover ground very slowly.
You have a slow metabolism.
You can spit poison.


Message History

You barely miss Grinder. You closely miss Grinder. Grinder barely misses you.
You slash Grinder!
Grinder is moderately wounded.
Grinder blinks!
You see here a rat corpse.
You feel a strong urge to attack something.
You barely miss Grinder.
Grinder is moderately wounded.
Grinder completely misses you.
You riposte.
You slash Grinder!
Grinder is heavily wounded.
You barely miss Grinder.
Grinder is heavily wounded.
Grinder blinks!
You are no longer berserk.
You are exhausted.
You feel yourself slow down. Grinder gestures at you.
Pain shoots through your body!
You die...

#......5...#
#..######..#
#..#≈≈∩≈#..#
##5##++##..#
#..#≈≈#...#
#.##≈≈##..#
#.#≈≈5≈#..#
#.#≈≈≈≈#..#
#.##@≈##..#
#..#≈§#...#
##.'##'...#
##......##
#.....##
#######


You could see Grinder.

Vanquished Creatures
  Eustachio (D:4)
  A sky beast (D:6)
  3 ogres
  A centaur (D:5)
  A bullfrog (D:6)
  A water moccasin skeleton (D:5)
  4 wights (D:6)
  2 crimson imps (D:5)
  A jelly (D:5)
  2 orc priests (D:5)
  2 hounds
  An orc wizard (D:6)
  An iguana (D:5)
  Jessica (D:2)
  10 adders
  A shadow imp (D:5)
  5 oozes
  4 worms
  4 dart slugs
  4 leopard geckos
  19 orcs
  7 bats
  10 giant cockroaches
  11 goblins
  4 hobgoblins
  13 jackals
  A quokka (D:3)
  3 ball pythons
  8 frilled lizards
  13 kobolds
  8 rats
147 creatures vanquished.

Notes
Turn   | Place    | Note
-------+----------+-------------------------------------------
     0 | D:1      | vhaine the Naga Berserker began the quest for the Orb.
     0 | D:1      | Reached XP level 1. HP: 21/21 MP: 1/1
   404 | D:1      | Reached XP level 2. HP: 28/28 MP: 2/2
   640 | D:1      | Reached skill level 4 in Long Blades
   656 | D:1      | Reached XP level 3. HP: 34/34 MP: 3/3
   866 | D:1      | Reached ** piety under Trog
  1166 | D:1      | You fall into a shaft and drop 1 floor!
  1167 | D:2      | Found a shattered altar of Ashenzari.
  1167 | D:2      | Noticed Jessica
  1173 | D:2      | Killed Jessica
  1173 | D:2      | Reached skill level 5 in Long Blades
  1173 | D:2      | Reached XP level 4. HP: 23/42 MP: 4/4
  1334 | D:2      | Reached XP level 5. HP: 21/49 MP: 5/5
  1592 | D:2      | Found a burning altar of Makhleb.
  1634 | D:2      | Found a radiant altar of Vehumet.
  1915 | D:2      | Noticed an ogre
  1923 | D:2      | Killed an ogre
  1923 | D:2      | Reached skill level 6 in Long Blades
  1923 | D:2      | Reached XP level 6. HP: 33/56 MP: 6/6
  2422 | D:3      | Reached *** piety under Trog
  2529 | D:3      | Found a large runed translucent door.
  2531 | D:3      | Found a large runed translucent door.
  2531 | D:3      | Noticed showme1245's ghost (amateur MiGl)
  2829 | D:3      | Reached skill level 7 in Long Blades
  3326 | D:4      | Noticed Wuag's ghost (amateur HOMo)
  3421 | D:4      | Found a runed translucent door.
  3504 | D:4      | Noticed Eustachio
  3517 | D:4      | Killed Eustachio
  3517 | D:4      | Reached skill level 8 in Long Blades
  3517 | D:4      | Reached XP level 7. HP: 62/62 MP: 7/7
  4087 | D:5      | Entered Level 5 of the Dungeon
  4088 | D:5      | Found Hipaops's Magic Scroll Shop.
  4110 | D:5      | Reached **** piety under Trog
  4122 | D:5      | Bought a scroll of noise for 11 gold pieces
  4122 | D:5      | Bought a scroll of identify for 22 gold pieces
  4122 | D:5      | Bought a scroll of remove curse for 33 gold pieces
  4122 | D:5      | Bought a scroll of teleportation for 33 gold pieces
  4122 | D:5      | Bought a scroll of immolation for 38 gold pieces
  4122 | D:5      | Bought a scroll of blinking for 82 gold pieces
  4565 | D:5      | Reached skill level 9 in Long Blades
  4684 | D:5      | Found a sparkling altar of Nemelex Xobeh.
  4726 | D:5      | Reached XP level 8. HP: 37/69 MP: 8/8
  5316 | D:5      | Found a shimmering blue altar of Sif Muna.
  5619 | D:6      | Found Giwacyl's Distillery.
  5630 | D:6      | Bought a potion of might for 44 gold pieces
  5630 | D:6      | Bought a potion of brilliance for 44 gold pieces
  5630 | D:6      | Bought a potion of curing for 33 gold pieces
  5654 | D:6      | Reached skill level 10 in Long Blades
  6001 | D:6      | Found a shimmering blue altar of Sif Muna.
  6094 | D:6      | Noticed Grinder
  6094 | D:6      | Paralysed by Grinder for 4 turns
  6123 | D:6      | Paralysed by Grinder for 4 turns
  6130 | D:6      | Paralysed by Grinder for 5 turns
  6142 | D:6      | Killed from afar by Grinder

Levels and vault maps discovered:
D:1:      dpeg_arrival_line_fractal, layout_basic
D:2:      minmay_chambers_of_twos, layout_basic, grunt_temple_overflow_open,
          evilmike_ruin_ashenzari, uniq_jessica
D:3:      layout_loops_ring, first_ration, ebering_ghost_disaster_area
D:4:      layout_loops_cross, hellmonk_ghost_happy_afterlife, uniq_eustachio
D:5:      layout_loops_ring, nemelex_xobeh_ov_fountains_minmay, serial_shops,
          nicolae_shop_waterfront, led_sif_pool
D:6:      layout_cave_pods, nicolae_overflow_crystal_walls,
          gup_sewer_entry_bowl, kennysheep_small_square, uniq_grinder

Skill      XL: |  1  2  3  4  5  6  7  8 |
---------------+-------------------------+-----
Long Blades    | 4 5 6 8 9 10 | 10.8
Fighting       | |  3.0
Armour         | |  1.5
Dodging        | |  1.5

Action                   |  1- 3 |  4- 6 |  7- 9 || total
-------------------------+-------+-------+-------++-------
Melee: Falchion          |    67 |   191 |   140 ||   398
       Long sword        |       |       |    29 ||    29
Invok: Berserk           |     2 |     2 |     4 ||     8
       Trog's Hand       |       |     1 |       ||     1
 Abil: Spit Poison       |    13 |    18 |    18 ||    49
  Use: Scroll            |       |       |     4 ||     4
       Potion            |       |       |     2 ||     2
 Stab: Sleeping          |     2 |     3 |       ||     5
  Eat: Chunk             |     2 |     9 |    11 ||    22
Armor: Animal skin       |     8 |    34 |    19 ||    61
Dodge: Dodged            |    37 |    97 |    74 ||   208
       Rpst.: Falchion   |    10 |    28 |    18 ||    56
       Long sword        |       |       |    11 ||    11
